 Dungeon Crawl Stone Soup version 0.15.0-12-gccce430 (webtiles) character file.

632 Aelig the Cutter (level 7, -4/46 HPs)
             Began as a Vampire Enchanter on Sept 1, 2014.
             Slain by Menkaure (7 damage)
             ... on Level 4 of the Dungeon.
             The game lasted 00:21:36 (4456 turns).

Aelig the Cutter (Vampire Enchanter)                Turns: 4456, Time: 00:21:37

HP  -4/46        AC  8     Str  7      XL: 7   Next: 24%
MP  12/12        EV 12     Int 19      God:
Gold 241         SH  0     Dex 14      Spells:  3 memorised,  4 levels left

rFire  . . .     SeeInvis +     J - +0 dagger (elec)
rCold  . . .     Clarity  .     b - +1 robe
rNeg   + . .     rCorr    .     (no shield)
rPois  .         rRot     .     I - +2 helmet
rElec  .         Spirit   .     o - +0 cloak
SustAb .         Warding  .     z - +0 pair of gloves
rMut   .         Stasis   .     (no boots)
Gourm  .                        (no amulet)
MR     .....                    (no ring)
                                (no ring)

@: not resistant to hostile enchantments, stealthy
A: bottle blood, fangs 3, see invisible, unbreathing
a: Bat Form, Bottle Blood


You were on level 4 of the Dungeon.
You were not thirsty.

You visited 1 branch of the dungeon, and saw 6 of its levels.

You collected 241 gold pieces.

Inventory:

Hand weapons
 h - a +4 dagger of draining
 J - a +0 dagger of electrocution (weapon)
Missiles
 j - 66 stones (quivered)
Armour
 b - a +1 robe (worn)
 o - a +0 cloak (worn)
 z - a +0 pair of gloves (worn)
 I - a +2 helmet (worn)
Magical devices
 a - a wand of hasting (4) {unknown}
 C - a wand of digging (11) {unknown}
 E - a wand of polymorph (12) {unknown}
Scrolls
 e - 4 scrolls of remove curse
 f - 2 scrolls of immolation {unknown}
 g - a scroll of fear {unknown}
 l - 4 scrolls of identify {unknown}
 s - 4 scrolls of enchant weapon {unknown}
 u - a scroll of magic mapping {unknown}
 w - 4 scrolls of enchant armour {unknown}
 y - 3 scrolls of noise {unknown}
 D - 2 scrolls of amnesia {unknown}
Jewellery
 i - an uncursed ring of poison resistance {unknown}
 q - a +2 ring of evasion {unknown}
 t - an uncursed amulet of guardian spirit {unknown}
 x - an uncursed amulet of rage {unknown}
 B - an uncursed amulet of stasis {unknown}
 H - an uncursed amulet of stasis {unknown}
Potions
 d - 4 potions of blood
 k - a potion of brilliance {unknown}
 m - a potion of restore abilities {unknown}
 n - 3 potions of cure mutation {unknown}
 p - a potion of agility {unknown}
 r - 3 potions of curing {unknown}
 v - a potion of flight {unknown}
 A - a potion of lignification {unknown}
 F - a potion of poison {unknown}
 G - a potion of might {unknown}
Books
 c - a book of Maledictions

   Spells                             Type                      Level
   *Corona                            Hexes                        1
   Sure Blade                         Hexes/Charms                 2
   *Ensorcelled Hibernation           Hexes/Ice                    2
   *Confuse                           Hexes                        3
   Dazzling Spray                     Conjuration/Hexes            3
   Enslavement                        Hexes                        4


   Skills:
 + Level 7.6 Short Blades
 - Level 2.1 Dodging
 + Level 7.2 Stealth
 - Level 2.0 Spellcasting
 - Level 4.4 Hexes


You had 4 spell levels left.
You knew the following spells:

 Your Spells              Type           Power        Failure   Level  Hunger
a - Corona                Hex            ###....      3%          1    #......
b - Ensorcelled Hibernat  Hex/Ice        ##....       12%         2    ##.....
c - Confuse               Hex            ###.....     12%         3    ####...


Dungeon Overview and Level Annotations

Branches:
Dungeon (6/15)
 Temple: D:4-7

Altars:

Annotations:
D:3 ANDROIDp's ghost, average DrFE
D:4 Eustachio; Menkaure
D:5 Dowan


Innate Abilities, Weirdness & Mutations

You can bottle blood from corpses.
You have razor-sharp teeth.
You have supernaturally acute eyesight.
You can survive without breathing.


Message History

The floor.
Unknown command.
You hit Menkaure but do no damage. Your bite misses Menkaure.
You hit Menkaure but do no damage.
There is a sudden explosion of sparks!
Menkaure is heavily damaged.
You barely miss Menkaure.
Menkaure is heavily damaged.
Menkaure calls on the powers of darkness!
Your body is wracked with pain!
You hit Menkaure but do no damage.
Menkaure is heavily damaged.
You hit Menkaure but do no damage. You bite Menkaure, but do no damage.
Menkaure is heavily damaged.
Menkaure hits you!!
Ouch! That really hurt!
* * * LOW HITPOINT WARNING * * *
You hit Menkaure but do no damage.
Menkaure is heavily damaged.
Menkaure hits you!
You die...

[...####.(.....####....#.###.....
......##..#..#.....#.....#####...
......##(##..#####.##............
......##.###.....#....#..#####...
.....................#....## ##..
.........#######.......##..# ###
........########.....#####.#
........##..#...M###.# #.#
........[.....##@##..# ##.######
.%..###.#..........)## #.......#
.............#####.## #.......#
#.####.###..## #..#####..[.....
#.####.# #.)# ##.....#.<......
#......# #### #####.#.)......
######## #.#........ #.%>.......
###........


You could see Menkaure.

Vanquished Creatures
  Edmund (D:4)
  A crimson imp (D:5)
  3 orc priests
  2 centaur skeletons (D:4)
  A hound (D:5)
  3 orc wizards
  A worker ant (D:3)
  A big kobold zombie (D:3)
  8 adders
  A giant mite (D:3)
  A worm (D:2)
  An ooze (D:4)
  17 orcs
  5 giant cockroaches
  9 goblins
  5 hobgoblins
  2 ball pythons
  9 bats
  2 giant geckos
  2 giant newts
  5 jackals
  12 kobolds
  A quokka (D:5)
  7 rats
100 creatures vanquished.

Notes
Turn   | Place    | Note
--------------------------------------------------------------
     0 | D:1      | Aelig, the Vampire Enchanter, began the quest for the Orb.
     0 | D:1      | Reached XP level 1. HP: 13/13 MP: 3/3
   641 | D:2      | Reached XP level 2. HP: 16/19 MP: 4/4
   802 | D:2      | Reached XP level 3. HP: 22/24 MP: 6/6
  1472 | D:3      | Noticed ANDROIDp's ghost (average DrFE)
  1481 | D:2      | Reached XP level 4. HP: 30/30 MP: 7/7
  1528 | D:3      | Reached skill level 5 in Short Blades
  1635 | D:3      | Reached XP level 5. HP: 16/35 MP: 9/9
  1998 | D:3      | Reached skill level 6 in Short Blades
  2562 | D:3      | Reached XP level 6. HP: 22/41 MP: 10/10
  2693 | D:4      | Noticed Eustachio
  2796 | D:4      | Reached skill level 5 in Stealth
  3027 | D:4      | Reached skill level 7 in Short Blades
  3204 | D:4      | Noticed Edmund
  3224 | D:4      | Killed Edmund
  3224 | D:4      | Reached XP level 7. HP: 28/46 MP: 12/12
  3367 | D:4      | Noticed Menkaure
  3952 | D:5      | Entered Level 5 of the Dungeon
  4057 | D:5      | Noticed Dowan
  4336 | D:4      | Learned a level 2 spell: Ensorcelled Hibernation
  4340 | D:4      | Learned a level 3 spell: Confuse
  4456 | D:4      | Slain by Menkaure

Action                   |  1- 3 |  4- 6 |  7- 9 || total
-------------------------+-------+-------+-------++-------
Melee: Dagger            |    78 |   125 |    56 ||   259
       Short sword       |       |    39 |    16 ||    55
Throw: Stone             |       |       |     5 ||     5
 Abil: Bottle Blood      |       |     1 |     2 ||     3
  Use: Scroll            |       |     1 |       ||     1
 Stab: Sleeping          |     9 |     5 |       ||    14
       Distracted        |       |     2 |     1 ||     3
  Eat: Corpse            |     7 |    10 |     1 ||    18
